 Dungeon Crawl Stone Soup version 0.18.1-8-gdd0e5ea (webtiles) character file.

62 urechis the Insei (level 4, -2/23 HPs)
             Began as a Vine Stalker Monk on May 29, 2016.
             Slain by an adder (4 damage)
             ... on level 2 of the Dungeon.
             The game lasted 00:02:49 (1413 turns).

urechis the Insei (Vine Stalker Monk)               Turns: 1413, Time: 00:02:50

Health: -2/23      AC:  4    Str: 13    XL:     4   Next: 8%
Magic:  0/5        EV: 13    Int: 10    God:
Gold:   194        SH:  0    Dex: 18    Spells: 0 memorised, 3 levels left

rFire  . . .     SeeInvis .       - Unarmed
rCold  . . .     Gourm    .     a - +0 robe
rNeg   . . .     Faith    .     (no shield)
rPois  .         Spirit   +     d - +0 helmet
rElec  .         Dismiss  .     e - +0 cloak
rCorr  .         Reflect  .     (no gloves)
SustAt .         Harm     .     (no boots)
MR     .....                    (no amulet)
Stlth  ++........               (no ring)
                                (no ring)

@: not resistant to hostile enchantments, unstealthy
A: fangs 2, regeneration 1, magic shield, antimagic bite, no device heal 3, rot
immunity
a: no special abilities


You were on level 2 of the Dungeon.
You were hungry.

You visited 1 branch of the dungeon, and saw 3 of its levels.

You collected 194 gold pieces.

Inventory:

Armour
 a - a +0 robe (worn)
 d - a +0 helmet (worn)
 e - a +0 cloak (worn)
Scrolls
 c - a scroll of enchant armour {unknown}
 f - a scroll of random uselessness {unknown}
 g - 3 scrolls of identify {unknown}
 j - 2 scrolls of fear {unknown}
 o - 2 scrolls of magic mapping {unknown}
 p - a scroll of remove curse {unknown}
 r - 2 scrolls of immolation {unknown}
 s - a scroll of blinking {unknown}
Potions
 h - 2 potions of cure mutation {unknown}
 k - 2 potions of curing {unknown}
 l - 2 potions of cancellation {unknown}
 q - 2 potions of heal wounds {unknown}
 t - a potion of degeneration {unknown}
Comestibles
 b - 2 bread rations
 i - a slice of pizza
 m - 2 royal jellies
 n - 2 meat rations


   Skills:
 - Level 2.6 Fighting
 - Level 2.4 Dodging
 - Level 2.4 Stealth
 + Level 5.5 Unarmed Combat


You had 3 spell levels left.
You didn't know any spells.

Dungeon Overview and Level Annotations

Branches:
Dungeon (3/15)

Altars:
Yredelemnul

Annotations:
D:3 urechis's ghost, amateur VSMo


Innate Abilities, Weirdness & Mutations

You have extremely sharp teeth.
Your natural rate of healing is unusually fast.
When hurt, damage is shared between your health and your magic reserves.
Your bite disrupts and absorbs the magic of your enemies.
Potions and wands cannot restore your health.
You are immune to rotting.


Message History

You are too injured to fight recklessly!
You are too injured to fight recklessly!
The orc closely misses you.
An adder comes into view.
Urechis's ghost says very slowly, "There's no hope."
The orc wizard gestures wildly while chanting.
The orc wizard flickers and vanishes!
Deactivating autopickup; reactivate with Ctrl-A.
The orc priest calls upon Beogh to heal the orc.
There is a stone staircase leading up here.
Urechis's ghost hits you!
* * * LOW HITPOINT WARNING * * *
The adder bites you.
* * * LOW HITPOINT WARNING * * *
You climb upwards.
There is a stone staircase leading down here.
You miss the adder. The adder closely misses you.
You closely miss the adder. Your bite misses the adder.
The adder bites you but does no damage. The adder bites you.
You die...

### #.# #.####
###....#########
###......##......#
................@#
#.###...........S########
.........##.............#
#.##......#.............#
......#........#........#
..##..........##........#
..........##..##........#
......#...##..##........#
.....†........###########


You could see an adder.

Vanquished Creatures
  3 adders (D:2)
  A dart slug (D:1)
  3 giant geckos (D:1)
  2 giant cockroaches (D:1)
  2 gnoll zombies (D:2)
  A goblin (D:1)
  4 hobgoblins
  2 bats
  2 giant newts (D:1)
  7 kobolds
  5 rats
32 creatures vanquished.

Notes
Turn   | Place    | Note
--------------------------------------------------------------
     0 | D:1      | urechis the Vine Stalker Monk began the quest for the Orb.
     0 | D:1      | Reached XP level 1. HP: 11/11 MP: 2/2
   207 | D:1      | Reached XP level 2. HP: 16/16 MP: 3/3
   721 | D:1      | Reached XP level 3. HP: 19/19 MP: 4/4
   831 | D:2      | Reached skill level 5 in Unarmed Combat
  1056 | D:2      | Found a basalt altar of Yredelemnul.
  1122 | D:2      | Reached XP level 4. HP: 17/23 MP: 3/5
  1400 | D:3      | Noticed urechis's ghost (amateur VSMo)
  1410 | D:3      | HP: 1/23 [adder (1)]
  1413 | D:2      | Slain by an adder

Skill      XL: |  1  2  3 |
---------------+----------+-----
Unarmed Combat | 5 |  5.5
Fighting       | |  2.6
Dodging        | |  2.4
Stealth        | |  2.4

Action                   |  1- 3 |  4- 6 || total
-------------------------+-------+-------++-------
Melee: Unarmed           |    98 |     5 ||   103
       Bite              |    19 |       ||    19
       Punch             |     4 |       ||     4
 Stab: Sleeping          |     6 |       ||     6
  Eat: Chunk             |     1 |       ||     1
Armor: Robe              |    13 |     2 ||    15
Dodge: Dodged            |    63 |     3 ||    66
